 Dungeon Crawl Stone Soup version 0.29.1-2-gbd0b4ee654 (webtiles) character file.

Game seed: 17171183654489530421

58 concernfroge the Trooper (level 3, -2/31 HPs)
             Began as a Mummy Monk on Nov 25, 2022.
             Killed from afar by a kobold (15 damage)
             ... with a puff of flame
             ... on level 2 of the Dungeon.
             The game lasted 00:04:22 (2282 turns).

concernfroge the Trooper (Mummy Monk)               Turns: 2282, Time: 00:04:22

Health: -2/31      AC:  2    Str: 16    XL:     3   Next: 75%
Magic:  3/3        EV: 12    Int:  9    God:
Gold:   41         SH:  0    Dex: 14    Spells: 2/2 levels left

rFire   x . .      SeeInvis .   a - +0 spear
rCold   + . .      Faith    .   (no shield)
rNeg    + + +      Spirit   .   b - +0 robe
rPois   ∞          Reflect  .   (no helmet)
rElec   .          Harm     .   (no cloak)
rCorr   .          Rampage  .   (no gloves)
Will    .....                   (no boots)
Stlth   ++........              (no amulet)
HPRegen 0.10/turn               (no ring)
MPRegen 0.08/turn               (no ring)

@: no status effects
A: cold resistance 1, negative energy resistance 3, torment resistance 2, heat
vulnerability 1, in touch with death 1, no potions
a: no special abilities


You were on level 2 of the Dungeon.
You visited 1 branch of the dungeon, and saw 2 of its levels.

You collected 41 gold pieces.

Inventory:

Hand Weapons
 a - a +0 spear (weapon)
Missiles
 d - 5 atropa-tipped darts (quivered)
 j - 5 datura-tipped darts
Armour
 b - a +0 robe (worn)
Scrolls
 c - a scroll of enchant armour {unknown}
 e - 3 scrolls of butterflies {unknown}
 f - 3 scrolls of torment {unknown}
 g - a scroll of blinking {unknown}
 h - a scroll of teleportation {unknown}
 i - a scroll of identify {unknown}


   Skills:
 + Level 4.7 Fighting
 - Level 2.4 Polearms
 - Level 2.4 Dodging
 - Level 1.5 Stealth


You had 2 spell levels left.
You didn't know any spells.
Your spell library contained the following spells:

 Spells                   Type           Power      Damage    Failure   Level
 Blink                    Tloc           0%         N/A       52%         2
 Frozen Ramparts          Ice            0%         1d1       77%         3
 Lesser Beckoning         Tloc           0%         N/A       77%         3
 Summon Ice Beast         Ice/Summ       0%         N/A       99%         4
 Manifold Assault         Tloc           0%         N/A       100%        5
 Malign Gateway           Summ/Tloc      0%         N/A       100%        7
 Summon Horrible Things   Summ           0%         N/A       100%        8
 Ice Form                 Ice/Tmut       Unusable   N/A       N/A         4

Dungeon Overview and Level Annotations

Branches:
Dungeon (2/15)

Altars:


Innate Abilities, Weirdness & Mutations

You are immune to poison.
Your flesh is cold resistant. (rC+)
You are immune to negative energy. (rN+++)
You are immune to unholy pain and torment.
You are vulnerable to heat. (rF-)
You are in touch with the powers of death.
You do not drink.


Message History

The hobgoblin attacks as you move away! The hobgoblin hits you.
The quokka closely misses you. The hobgoblin closely misses you.
The quokka misses you. The hobgoblin attacks as you move away!
The hobgoblin closely misses you. As you open the door, it creaks loudly!
The hobgoblin closely misses you. The hobgoblin attacks as you move away!
The hobgoblin closely misses you. The hobgoblin attacks as you move away!
The hobgoblin hits you. The hobgoblin attacks as you move away!
The hobgoblin hits you.
You completely miss the hobgoblin.
You punch the hobgoblin, but do no damage.
The hobgoblin barely misses you.
You hit the hobgoblin.
You kill the hobgoblin!
You miss the quokka. The quokka bites you.
You hit the quokka.
The quokka is severely wounded.
The quokka bites you.
You hit the quokka. Your punch misses the quokka.
The quokka is almost dead.
The quokka closely misses you.
You barely miss the quokka.
The quokka is almost dead.
The quokka bites you. x2
You hit the quokka but do no damage.
The quokka is almost dead.
The quokka closely misses you.
You hit the quokka.
You kill the quokka!
You barely miss the kobold. The kobold hits you with a +0 dagger.
You hit the kobold but do no damage. The kobold hits you with a +0 dagger.
You barely miss the kobold. The kobold misses you.
You barely miss the kobold. The kobold barely misses you.
You hit the kobold.
You kill the kobold!
A kobold comes into view.
It is wielding a +0 whip and carrying a wand of flame (6).
The kobold shouts!
The kobold zaps a wand.
The puff of flame hits you! The fire burns you terribly!
You die...

......##...## ##w#
#......#..#..#..## #)##
#.....###..w###..# #...
##..#'..#.....#...# #...
#..........#....#.# #...
........##........###...
.........##...##....'...
.........##...##..###...
......K@................
########.........##.###.
#.....##.........
#.....##..^#.###.
#..........#..(#.
#.##...##....#.#.
####...###.....#. ##'##
#.#...#. #.# #.#.#.#.


You could see a kobold.

Vanquished Creatures
  2 adders (D:2)
  A worm (D:2)
  A dart slug (D:1)
  A ball python (D:1)
  2 endoplasms (D:1)
  2 giant cockroaches
  A goblin (D:2)
  5 hobgoblins
  4 jackals (D:1)
  A quokka (D:2)
  3 bats
  6 kobolds
  4 rats
33 creatures vanquished.

Notes
Turn   | Place    | Note
-------+----------+-------------------------------------------
     0 | D:1      | concernfroge the Mummy Monk began the quest for the Orb.
     0 | D:1      | Reached XP level 1. HP: 18/18 MP: 1/1
   229 | D:1      | Found a faded altar of an unknown god.
   359 | D:1      | Reached XP level 2. HP: 11/24 MP: 2/2
  1181 | D:1      | Reached skill level 4 in Fighting
  1354 | D:2      | Gained mutation: You are in touch with the powers of death.
                  | [Mummy growth]
  1354 | D:2      | Reached XP level 3. HP: 21/30 MP: 3/3
  2282 | D:2      | Killed from afar by a kobold

Illustrated notes

Levels and vault maps discovered:
D:1:      ebering_trefoil_3fold, layout_basic,
          dreamdust_ecumenical_altar_angels_and_demons
D:2:      layout_basic, minmay_strange_pillars

Skill      XL: |  1  2 |
---------------+-------+-----
Fighting       | 4 |  4.7
Polearms       | |  2.4
Dodging        | |  2.4
Stealth        | |  1.5

Action                   || total
-------------------------++-------
Melee: Dagger            ||    68
       Spear             ||    73
       Punch             ||     1
Throw: Dart              ||     6
 Stab: Sleeping          ||     5
Armor: Robe              ||    19
Dodge: Dodged            ||    87
